 Dungeon Crawl Stone Soup version 0.18.1-47-g9310371 (webtiles) character file.

4448 sarahorange the Basher (level 10, -4/160 HPs)
             Began as an Ogre Berserker on June 18, 2016.
             Was a High Priest of Trog.
             Slain by a killer bee (6 damage)
             ... on level 9 of the Dungeon.
             The game lasted 01:16:29 (11135 turns).

sarahorange the Basher (Ogre Berserker)            Turns: 11135, Time: 01:16:30

Health: -4/160     AC: 25    Str: 25    XL:     10   Next: 37%
Magic:  10/10      EV:  1    Int:  6    God:    Trog [*****.]
Gold:   570        SH:  0    Dex: 11    Spells: 0 memorised, 9 levels left

rFire  . . .     SeeInvis .     I - +3 lajatang (speed)
rCold  + . .     Gourm    .     (armour currently unavailable)
rNeg   + + +     Faith    .     (shield currently unavailable)
rPois  +         Spirit   .     (helmet currently unavailable)
rElec  .         Dismiss  .     (cloak currently unavailable)
rCorr  .         Reflect  .     (gloves unavailable)
SustAt +         Harm     .     (boots unavailable)
MR     +++..     NoTele   +     (no amulet)
Stlth  ++........               q - ring of sustain attributes
                                i - ring of protection from cold

@: lethally poisoned (-4 -> -4), tree-form, regenerating, extremely resistant to
hostile enchantments, unstealthy
A: unfitting armour, (hooves 0), (horns 0), (cold resistance 0), (tough skin 0)
a: Berserk, Trog's Hand, Brothers in Arms, Burn Spellbooks, Renounce Religion


You were on level 9 of the Dungeon.
You worshipped Trog.
Trog was extremely pleased with you.
You were not hungry.
You were a tree.
You visited 1 branch of the dungeon, and saw 9 of its levels.

You collected 570 gold pieces.

Inventory:

Hand Weapons
 a - a +0 mace
 w - a +2 giant spiked club
 I - a +3 lajatang of speed (weapon)
Missiles
 g - a large rock (quivered)
 m - 270 stones
Armour
 b - a +1 animal skin
 l - a +1 cloak (melded)
 p - the +1 robe of Divine Intervention (melded) {rElec rC+ Str+3 Int+3}
   (You found it on level 4 of the Dungeon)

   It affects your strength (+3).
   It affects your intelligence (+3).
   It protects you from cold.
   It insulates you from electricity.
Jewellery
 i - a ring of protection from cold (left branch)
 q - a ring of sustain attributes (right branch)
 x - an uncursed amulet of harm
 D - an uncursed amulet of magic regeneration
 F - an uncursed ring of flight {unknown}
 H - an uncursed ring of resist corrosion {unknown}
Wands
 v - a wand of digging (10/24)
 y - a wand of iceblast (0/15)
 J - a wand of polymorph (7/24)
Scrolls
 h - 5 scrolls of remove curse
 r - a scroll of recharging
 s - 2 scrolls of magic mapping
 t - a scroll of fear
 E - a scroll of enchant armour
Potions
 c - a potion of degeneration {unknown}
 d - 2 potions of lignification
 e - a potion of resistance
 j - a potion of curing
 k - a potion of mutation
 A - a potion of cancellation {unknown}
 B - a potion of heal wounds {unknown}
 C - 2 potions of berserk rage {unknown}
 G - a potion of haste {unknown}
Comestibles
 f - 3 meat rations
 n - a slice of pizza
 o - a royal jelly
 u - 2 beef jerkies
 z - 4 fruits


   Skills:
 + Level 9.5 Fighting
 + Level 10.8(10.9) Maces & Flails
 + Level 1.9(5.1) Staves
 + Level 3.4 Throwing
 + Level 9.1 Dodging
 + Level 2.2 Stealth


You had 9 spell levels left.
You didn't know any spells.

Dungeon Overview and Level Annotations

Branches:
Dungeon (9/15)             Temple (0/1) D:5
   Lair: D:8-11         Orc: D:9-12

Altars:
Dithmenos
Fedhas
Makhleb
Pakellas
The Shining One

Shops:
D:6 :   D:8 (


Innate Abilities, Weirdness & Mutations

You are too large for most types of armour.
((You have tough skin (AC +1).))
((You have large cloven feet.))
((You have a pair of small horns on your head.))
((Your flesh is cold resistant.))


Message History

* * * LOW HITPOINT WARNING * * *
The killer bee stings you but does no damage. x2
The queen bee stings you but does no damage.
The killer bee stings you but does no damage.
You completely miss the killer bee.
The killer bee is severely wounded.
The killer bee stings you but does no damage. x2
The killer bee stings you.
* * * LOW HITPOINT WARNING * * *
The killer bee completely misses you.
The killer bee stings you but does no damage.
The killer bee stings you.
* * * LOW HITPOINT WARNING * * *
The killer bee stings you but does no damage. x3
The queen bee stings you but does no damage.
Read which item? (? for menu, Esc to quit)
As you read the scroll labeled COAGOCKIUNG, it crumbles to dust.
It is a scroll of amnesia.
You feel forgetful for a moment.
You feel sick. The killer bee stings you.
You die...

###+#######
#.....%.............
#...................
#...................
#.........< ........
.####..yy......
.......
......yyy......
#.... .....sy♣#
+.... ......y##
#.... ......#
.##+#y... +#...#
#........# #<..
#........# #..
.........# #.
#........# ##
...####### ... #..


You could see a queen bee, a scorpion and 6 killer bees.

Vanquished Creatures
  The ghost of Shtopit the Shield-Bearer, a novice FoFi (D:5)
  Grinder (D:3)
  5 yaks (D:9)
  A hippogriff (D:8)
  A water moccasin (D:7)
  An orc warrior (D:8)
  An ice beast (D:3)
  2 sky beasts (D:8)
  2 ogres
  A necrophage (D:8)
  4 centaurs
  A big kobold (D:7)
  2 giant frogs
  3 scorpions
  A killer bee (D:9)
  2 howler monkeys (D:8)
  2 crimson imps
  A quasit (D:8)
  2 giant frog zombies
  8 hounds
  3 orc priests
  A giant frog skeleton (D:5)
  3 jellies (D:8)
  Ijyb (D:3)
  5 iguanas
  3 orc wizards
  7 worker ants
  A hound zombie (D:6)
  A worker ant zombie (D:7)
  11 gnolls
  2 river rats (D:6)
  13 adders
  3 shadow imps
  An ooze (D:6)
  An adder skeleton (D:4)
  2 worms
  A dart slug (D:3)
  11 giant geckos
  28 orcs
  7 giant cockroaches
  17 goblins
  6 hobgoblins
  10 jackals
  8 quokkas
  4 ball pythons
  4 bats
  7 giant newts
  17 kobolds
  14 rats
234 creatures vanquished.

Notes
Turn   | Place    | Note
--------------------------------------------------------------
     0 | D:1      | sarahorange the Ogre Berserker began the quest for the Orb.
     0 | D:1      | Reached XP level 1. HP: 24/24 MP: 1/1
   309 | D:1      | Reached XP level 2. HP: 32/32 MP: 2/2
   516 | D:1      | Reached ** piety under Trog
   725 | D:1      | Reached XP level 3. HP: 40/40 MP: 3/3
  1434 | D:2      | Reached XP level 4. HP: 37/49 MP: 4/4
  1440 | D:2      | Reached skill level 5 in Maces & Flails
  1445 | D:2      | Reached XP level 5. HP: 21/55 MP: 5/5
  1790 | D:2      | Found an oddly glowing altar of Pakellas.
  2985 | D:2      | Reached *** piety under Trog
  3082 | D:3      | Reached skill level 5 in Fighting
  3219 | D:3      | Reached XP level 6. HP: 62/66 MP: 6/6
  3289 | D:3      | Noticed Ijyb
  3309 | D:3      | Killed Ijyb
  3402 | D:3      | Found a glowing golden altar of the Shining One.
  3431 | D:3      | Noticed an ice beast
  3447 | D:3      | Killed an ice beast
  3447 | D:3      | Reached skill level 5 in Dodging
  3707 | D:3      | Noticed Grinder
  3720 | D:3      | Killed Grinder
  3720 | D:3      | Reached skill level 6 in Maces & Flails
  3720 | D:3      | Reached skill level 1 in Stealth
  3720 | D:3      | Reached XP level 7. HP: 37/72 MP: 7/7
  4351 | D:3      | Reached **** piety under Trog
  4779 | D:4      | Reached skill level 1 in Throwing
  5437 | D:4      | Reached skill level 7 in Maces & Flails
  5437 | D:4      | Reached XP level 8. HP: 82/83 MP: 8/8
  5594 | D:4      | Got a faintly humming robe
  5595 | D:4      | Identified the +1 robe of Divine Intervention {rElec rC+ Str+3 Int+3} (You found it on level 4 of the Dungeon)
  5692 | D:4      | Found a shadowy altar of Dithmenos.
  6266 | D:5      | Entered Level 5 of the Dungeon
  6437 | D:5      | Noticed Shtopit's ghost (novice FoFi)
  6488 | D:5      | Killed Shtopit's ghost
  6488 | D:5      | Reached skill level 8 in Maces & Flails
  6610 | D:5      | Found a burning altar of Makhleb.
  6772 | D:5      | Reached XP level 9. HP: 60/93 MP: 9/9
  7066 | D:5      | Found a staircase to the Ecumenical Temple.
  7170 | D:6      | Found Xanaghie's Book Shoppe.
  7283 | D:6      | Reached skill level 9 in Maces & Flails
  7332 | D:6      | Found a blossoming altar of Fedhas.
  8888 | D:7      | Reached ***** piety under Trog
  9372 | D:8      | Reached skill level 10 in Maces & Flails
 10225 | D:8      | Received a gift from Trog
 10297 | D:8      | Reached XP level 10. HP: 99/107 MP: 10/10
 10306 | D:8      | Found Neclyppuy's Weapon Shop.
 10437 | D:8      | Gained mutation: You have a pair of small horns on your head. [potion of mutation]
 10437 | D:8      | Gained mutation: You have large cloven feet. [potion of mutation]
 10437 | D:8      | Gained mutation: Your flesh is cold resistant. [potion of mutation]
 10813 | D:9      | Reached skill level 1 in Staves
 11133 | D:9      | HP: 7/160 [killer bee (8)]
 11134 | D:9      | HP: 1/160 [killer bee (3)]
 11135 | D:9      | Slain by a killer bee

Skill      XL: |  1  2  3  4  5  6  7  8  9 10 |
---------------+-------------------------------+-----
Dodging        | 3 4 5 6 7 8 9 |  9.1
Maces & Flails | 5 6 7 8 10 | 10.8
Fighting       | 5 6 7 9 |  9.5
Stealth        | 1 2 |  2.2
Throwing       | 1 2 3 |  3.4
Staves         | 1 |  1.9

Action                   |  1- 3 |  4- 6 |  7- 9 | 10-12 || total
-------------------------+-------+-------+-------+-------++-------
Melee: Mace              |    93 |   191 |    92 |       ||   376
       Giant spiked club |       |       |   349 |       ||   349
       Lajatang          |       |       |    11 |    58 ||    69
       Kick              |       |       |       |    10 ||    10
       Headbutt          |       |       |       |     9 ||     9
Throw: Stone             |       |    18 |    72 |       ||    90
       Large rock        |       |       |     6 |       ||     6
Invok: Berserk           |     1 |     2 |       |       ||     3
       Trog's Hand       |       |       |     3 |     2 ||     5
       Burn Spellbooks   |       |       |     2 |     1 ||     3
       Brothers in Arms  |       |       |       |     1 ||     1
Evoke: Wand              |       |       |     2 |     1 ||     3
  Use: Scroll            |     1 |     1 |    17 |     3 ||    22
       Potion            |     1 |     2 |     2 |     5 ||    10
 Stab: Sleeping          |     1 |       |       |       ||     1
  Eat: Chunk             |     2 |     5 |     6 |       ||    13
       Bread ration      |       |     1 |     3 |     1 ||     5
       Pizza             |       |     1 |       |       ||     1
       Fruit             |       |       |     4 |       ||     4
Armor: Animal skin       |    23 |    41 |    47 |       ||   111
       Skin              |       |       |    10 |    67 ||    77
       Robe              |       |       |    91 |    15 ||   106
Dodge: Dodged            |    71 |   101 |   343 |    58 ||   573
